 Dungeon Crawl Stone Soup version 0.27.1 (webtiles) character file.

Game seed: 10586930935276308084

11592 MajorAdolf the Destroyer (level 11, -3/104 HPs)
             Began as a Naga Wanderer on Aug 24, 2021.
             Was a Believer of Ashenzari.
             Slain by a boulder beetle (22 damage)
             ... on level 11 of the Dungeon.
             The game lasted 00:45:40 (16561 turns).

MajorAdolf the Destroyer (Naga Wanderer)           Turns: 16561, Time: 00:45:41

Health: -3/104     AC:  7    Str: 15    XL:     11   Next: 80%
Magic:  18/29      EV:  9    Int: 14    God:    Ashenzari [**....]
Gold:   619        SH:  0    Dex: 12    Spells: 10/22 levels left

rFire    . . .     SeeInvis +   D - +2 whip of Panopticon {elec, Range, Self} (curse)
rCold    . . .     Faith    .   (no shield)
rNeg     + . .     Spirit   .   E - +0 troll leather armour of the Unveiling Sun {Regen+, Self, Fort} (curse)
rPois    +         Reflect  .   p - +0 helmet of the Eye in the Sky {Elem, Cun} (curse)
rElec    .         Harm     .   (no cloak)
rCorr    .         Rampage  .   (no gloves)
Will     +....                  (no barding)
Stlth    +++.......             k - amulet of the acrobat
HPRegen  1.27/turn              q - ring of Ashenzari's Jealousy {MP+9, Bglg, Alch} (curse)
MPRegen  0.21/turn              t - ring of positive energy

@: about to teleport, studying Fighting, very slow
A: AC +3, large, see invisible, deformed body, poison resistance, slowness 2,
spit poison 1, naga tail 1
a: Spit Poison, Renounce Religion, Curse Item, Shatter the Chains


You were on level 11 of the Dungeon.
You worshipped Ashenzari.
Ashenzari was pleased with you.
You visited 2 branches of the dungeon, and saw 12 of its levels.
You also visited: Sewer and Bailey.

You collected 619 gold pieces.

Inventory:

Hand Weapons
 D - the cursed +2 whip of Panopticon (weapon) {elec, Range, Self}
   (You took it off Pikel on level 7 of the Dungeon)

   It occasionally discharges a powerful burst of electricity upon striking a
   foe.
   It has a curse which improves the following skills: Ranged Combat: Slings,
   Bows, Crossbows and Throwing.
   Introspection: Fighting and Spellcasting.
Missiles
 b - 30 bolts
 A - 3 throwing nets
Armour
 p - the cursed +0 helmet of the Eye in the Sky (worn) {Elem, Cun}
   (You found it on level 2 of the Dungeon)

   It has a curse which improves the following skills: Elements: Fire Magic, Ice
   Magic, Air Magic and Earth Magic.
   Cunning:   Dodging and Stealth.
 E - the cursed +0 troll leather armour of the Unveiling Sun (worn) {Regen+, Self, Fort}
   (You found it on level 10 of the Dungeon)

   Regen:     It increases your rate of health regeneration.
   It has a curse which improves the following skills: Introspection: Fighting
   and Spellcasting.
   Fortitude: Armour and Shields.
Jewellery
 k - an amulet of the acrobat (around neck)
 q - the cursed ring of Ashenzari's Jealousy (left hand) {MP+9, Bglg, Alch}
   (You found it on level 2 of the Dungeon)

   [ring of magical power]

   MP:        It affects your magic capacity (+9).
   It has a curse which improves the following skills: Beguiling: Conjurations,
   Hexes and Translocations.
   Alchemy:   Poison Magic and Transmutations.
 t - a ring of positive energy (right hand)
 u - a ring of wizardry
Wands
 v - a wand of flame (56)
Scrolls
 a - a scroll of amnesia
 f - a scroll of teleportation
 h - 3 scrolls of brand weapon
 i - 3 scrolls of fog
 j - 5 scrolls of enchant armour
 l - 2 scrolls of holy word
 n - a scroll of torment
 o - a scroll of fear
 s - a scroll of summoning
 y - 10 scrolls of magic mapping
 z - 2 scrolls of enchant weapon
Potions
 c - 2 potions of magic
 d - 5 potions of curing
 e - a potion of experience
 g - 4 potions of flight
 m - 4 potions of might
 r - 2 potions of brilliance
 w - 2 potions of heal wounds
 x - 2 potions of ambrosia
 B - 2 potions of mutation
 C - 2 potions of attraction
 F - a potion of resistance


   Skills:
 - Level 6.1(8.4) Fighting
 - Level 1.0(1.8) Crossbows
 - Level 1.0(1.8) Throwing
 - Level 1.0(1.8) Armour
 - Level 4.3(5.7) Stealth
 - Level 1.0(1.8) Shields
 - Level 3.9(6.0) Spellcasting
 - Level 12.8(14.0) Conjurations
 + Level 10.8(12.1) Hexes
 - Level 4.0(5.3) Fire Magic


You had 10 spell levels left.
You knew the following spells:

 Your Spells              Type           Power      Damage    Failure   Level
a - Searing Ray           Conj           86%        3d6       1%          2
b - Fulminant Prism       Conj/Hex       20%        3d13      1%          4
c - Invisibility          Hex            19%        N/A       21%         6

Your spell library contained the following spells:

 Spells                   Type           Power      Damage    Failure   Level
 Magic Dart               Conj           100%       1d8       1%          1
 Shock                    Conj/Air       96%        1d9       1%          1
 Conjure Flame            Conj/Fire      31%        6-21      1%          3
 Sticky Flame             Conj/Fire      31%        2d5       3%          4
 Passwall                 Tmut/Erth      3%         N/A       26%         2
 Ignite Poison            Fire/Tmut/Pois 9%         N/A       26%         3
 Swiftness                Air            4%         N/A       47%         3
 Airstrike                Air            2%         N/A       87%         4


Dungeon Overview and Level Annotations

Branches:
Dungeon (11/15)            Temple (1/1) D:6            Lair (0/6) D:8
  Sewer (visited)          Bailey (visited)
    Orc: D:9-12

Altars:
Ashenzari
Cheibriados
Dithmenos
Elyvilon
Fedhas
Gozag
Hepliaklqana
Kikubaaqudgha
Makhleb
Nemelex Xobeh
Okawaru
Qazlal
Ru
Sif Muna
Trog
Uskayaw
Vehumet
Wu Jian
Xom
Yredelemnul
Zin
The Shining One

Shops:
D:2 (

Annotations:
D:7 exclusion: downstairs


Innate Abilities, Weirdness & Mutations

Your serpentine skin is tough. (AC +3)
You have supernaturally acute eyesight. (SInv)
Armour fits poorly on your strangely shaped body.
Your system is resistant to poisons. (rPois)
You cover ground very slowly.
You can spit poison.
You have a snake-like lower body.


Message History

The boulder beetle hits you!!
The boulder beetle stops rolling and uncurls.
You completely miss the boulder beetle.
The boulder beetle is lightly wounded.
A troll opens the door.
The boulder beetle bites you!!
Your fulminant prism crackles loudly.
Unknown command.
You hit the boulder beetle but do no damage.
Lightning courses through the boulder beetle!
The boulder beetle is moderately wounded.
The boulder beetle bites you!
A boulder beetle comes into view.
Your fulminant prism explodes!
The blast of energy engulfs the boulder beetle!!
The boulder beetle is severely wounded.
You hear a shout!
Unknown command.
Casting: Fulminant Prism (mildly dangerous; 1% risk of failure)
Confirm with . or Enter, or press ? or * to list all spells.
Aiming: Fulminant Prism (mildly dangerous; 1% risk of failure)
Press: ? - help, Dir - move target You conjure a prism of explosive energy!
A fulminant prism comes into view.
The boulder beetle closely misses you.
The boulder beetle leaps!
Unknown command.
The boulder beetle bites you!!
* * * LOW HITPOINT WARNING * * *
Your fulminant prism crackles loudly.
Unknown command.
The boulder beetle completely misses you.
The boulder beetle curls into a ball and begins rolling!
Your fulminant prism explodes!
The blast of energy engulfs the boulder beetle!
The boulder beetle is severely wounded.
You hear a shout!
Unknown command.
Okay, then.
As you read the scroll of teleportation, it crumbles to dust.
You feel strangely unstable. The boulder beetle bites you!!
You die...

#.* **...# *
#.*, #..#
,#.*,#..# ,
#.##..# , * *
#.'..# *
#.##..# * #.*
#..###### * *
#.
,##.B.)...## ,
#)
##..@......#
** #.
##..T.......#
* #
#...........#
,
*#..........##
*#..........#
.'....B.....#
*
###..........#
,
#.....<....##
*
#...........#


You could see 2 boulder beetles and a troll.

Vanquished Creatures
  2 two-headed ogres
  Pikel (D:7)
  A necromancer (D:9)
  2 centaur zombies (D:10)
  A gargoyle (D:10)
  3 trolls
  A vampire (D:10)
  5 wyverns
  A basilisk (D:8)
  A steam dragon (D:9)
  11 yaks
  3 water moccasins
  12 orc warriors
  A sky beast (D:4)
  2 necrophages
  10 centaurs
  2 ogres
  4 lemures (D:7)
  A phantom (D:5)
  5 kobold brigands
  4 bullfrogs
  A gnoll sergeant (D:6)
  A wyvern zombie (D:7)
  3 scorpions
  A wyvern skeleton (D:7)
  5 killer bees (D:7)
  A water moccasin skeleton (D:6)
  An electric eel (D:7)
  4 gnoll shamans
  2 bullfrog skeletons
  2 hounds
  3 orc priests
  A centaur skeleton (D:7)
  2 iguanas (D:4)
  2 orc wizards
  3 polar bear simulacra (D:9)
  2 yak simulacra (D:9)
  5 wolf simulacra (D:9)
  2 killer bee zombies (D:8)
  2 howler monkey zombies
  26 gnolls
  5 adders
  2 white imps
  An ufetubus (D:5)
  7 worms
  2 dart slugs
  34 orcs
  7 ball pythons
  10 bats
  11 endoplasms
  7 giant cockroaches
  4 goblins
  10 hobgoblins
  8 jackals
  27 kobolds
  5 quokkas
  4 frilled lizards
  4 rats
  A river rat simulacrum (D:9)
291 creatures vanquished.

Vanquished Creatures (others)
  97 fulminant prisms
  7 fungi (D:8)
  35 plants
139 creatures vanquished.

Grand Total: 430 creatures vanquished

Notes
Turn   | Place    | Note
-------+----------+-------------------------------------------
     0 | D:1      | MajorAdolf the Naga Wanderer began the quest for the Orb.
     0 | D:1      | MajorAdolf set off with the following items: a +2 hand
                  | crossbow, 27 bolts, a +0 hand axe, a potion of curing, a +0
                  | robe
     0 | D:1      | Reached XP level 1. HP: 18/18 MP: 2/2
    34 | D:1      | Reached skill level 1 in Stealth
   138 | D:1      | Reached XP level 2. HP: 25/25 MP: 3/3
   619 | D:1      | Found a faded altar of an unknown god.
   708 | D:2      | Reached XP level 3. HP: 31/31 MP: 4/4
   786 | D:2      | Found Waikhas's Weapon Shoppe.
   841 | D:2      | Learned a level 2 spell: Searing Ray
  1518 | D:3      | Reached skill level 1 in Conjurations
  1610 | D:3      | Found an iron altar of Okawaru.
  1807 | D:3      | Found a hazy altar of Hepliaklqana.
  1849 | D:3      | Reached skill level 2 in Conjurations
  1849 | D:3      | Reached XP level 4. HP: 38/38 MP: 5/5
  2188 | D:4      | Reached skill level 3 in Conjurations
  2207 | D:4      | Reached XP level 5. HP: 44/44 MP: 6/6
  2826 | D:4      | Reached skill level 4 in Conjurations
  2929 | D:4      | Noticed a sky beast
  2939 | D:4      | Killed a sky beast
  2940 | D:4      | Reached skill level 5 in Conjurations
  2940 | D:4      | Reached XP level 6. HP: 28/51 MP: 3/7
  3469 | D:5      | Entered Level 5 of the Dungeon
  3628 | D:5      | Found a glowing drain.
  3644 | Sewer    | Entered a sewer
  4503 | D:5      | Reached skill level 6 in Conjurations
  4503 | D:5      | Reached XP level 7. HP: 57/57 MP: 8/8
  5103 | D:6      | Found a staircase to the Ecumenical Temple.
  5125 | D:6      | Reached skill level 7 in Conjurations
  5229 | Temple   | Entered the Ecumenical Temple
  5378 | Temple   | Became a worshipper of Ashenzari the Shackled
  5586 | D:6      | Reached skill level 8 in Conjurations
  5621 | D:6      | Reached XP level 8. HP: 64/64 MP: 9/9
  5924 | D:6      | Reached skill level 9 in Conjurations
  7282 | D:7      | Noticed Pikel
  7294 | D:7      | Killed Pikel
  7295 | D:7      | Reached skill level 10 in Conjurations
  7295 | D:7      | Reached XP level 9. HP: 19/70 MP: 6/10
  7301 | D:7      | Identified the +6 leather armour "Teth" {rC++}
  7581 | D:7      | Reached skill level 11 in Conjurations
  8407 | D:7      | Found a sacrificial altar of Ru.
  9048 | D:8      | Reached skill level 12 in Conjurations
  9621 | D:8      | Noticed a cyclops
  9621 | D:8      | Identified the +1 plate armour of the Present {rCorr Int+2}
  9972 | D:8      | Found a staircase to the Lair.
  9991 | D:8      | HP: 2/70 [yak (2)]
 10574 | D:8      | Learned a level 4 spell: Fulminant Prism
 10579 | D:8      | Reached XP level 10. HP: 78/78 MP: 11/11
 11217 | D:8      | Found a glowing silver altar of Zin.
 11225 | D:8      | Noticed a two-headed ogre
 11232 | D:8      | Killed a two-headed ogre
 11505 | D:8      | Reached * piety under Ashenzari
 12102 | D:9      | Learned a level 6 spell: Invisibility
 12239 | D:9      | Noticed a necromancer
 12252 | D:9      | Killed a necromancer
 12683 | D:9      | Reached ** piety under Ashenzari
 12829 | D:9      | Found a snail-covered altar of Cheibriados.
 13049 | D:9      | Reached XP level 11. HP: 86/86 MP: 13/13
 13633 | D:10     | Entered Level 10 of the Dungeon
 13773 | D:10     | Found a flagged portal.
 13782 | Bailey   | Entered a bailey
 13798 | Bailey   | Reached skill level 10 in Hexes
 15490 | D:10     | Found a hide-covered altar of Uskayaw.
 16142 | D:10     | Noticed a two-headed ogre
 16165 | D:10     | Killed a two-headed ogre
 16166 | D:10     | Reached skill level 5 in Fighting
 16516 | D:11     | Found a burning altar of Makhleb.
 16543 | D:11     | Noticed a boulder beetle
 16557 | D:11     | Noticed a boulder beetle
 16561 | D:11     | Slain by a boulder beetle

Illustrated notes

Levels and vault maps discovered:
D:1:      eino_arrival_cavern_e, layout_basic,
          ebering_ecumenical_altar_abandoned, wad_floor_pattern_1,
          hangedman_decor_clover_reticule, nrook_mini_backslash
D:2:      layout_loops_ring, serial_shops, nicolae_diamond_shop
D:3:      layout_rooms, worldfamousw_hep_ancestral_shrine,
          mainiacjoe_overflow_24_doors
D:4:      minmay_chambers_of_twos, layout_basic
D:5:      layout_loops_ring, portal_sewer_entry_a
D:6:      layout_cave_pools, minmay_temple_entry_mini_moons
D:7:      layout_cave_pods, nicolae_ru_the_path_less_chosen,
          chequers_decorated_corner, kennysheep_dice, uniq_pikel
D:8:      cheibrodos_elevator_heist, layout_cave_pools,
          mainiacjoe_overflow_small_starburst, minmay_lair_entry_grove,
          grunt_decor_fettered
D:9:      layout_roguey, mainiacjoe_overflow_boulevard, eino_house_with_fridge
D:10:     layout_basic, mainiacjoe_overflow_tiny_flanked, enter_bailey_2,
          chequers_serial_rivers_micro_d, grunt_decor_junction
D:11:     minmay_the_grid_octo_tiled_octocenter [minmay_the_grid_octo_empty,
          minmay_the_grid_octo_clover, minmay_the_grid_octo_checkered,
          minmay_the_grid_octo_focus,
          minmay_the_grid_octo_prize_ultimate_mussel_roller,
          minmay_the_grid_square_5x5_v, minmay_the_grid_square_5x5_longway,
          minmay_the_grid_square_5x5_broken_cross,
          minmay_the_grid_square_5x5_seven], layout_cross, bloody_makhleb,
          uniq_erica, uniq_harold, uniq_gastronok
Temple:   regret_index_temple_sphere_string

Skill      XL: |  1  2  3  4  5  6  7  8  9 10 11 |
---------------+----------------------------------+-----
Stealth        | 2 4 |  4.3
Conjurations   | 2 3 5 6 8 10 12 | 12.8
Hexes          | 2 9 10 | 10.8
Fighting       | 6 |  6.1
Spellcasting   | 3 |  3.9
Crossbows      | |  1.0
Throwing       | |  1.0
Armour         | |  1.0
Shields        | |  1.0
Fire Magic     | |  4.0

Action                   |  1- 3 |  4- 6 |  7- 9 | 10-12 || total
-------------------------+-------+-------+-------+-------++-------
Melee: Whip              |       |       |       |    34 ||    34
 Fire: Hand crossbow     |    66 |    47 |    77 |       ||   190
 Cast: Searing Ray       |       |    34 |    75 |    49 ||   158
       Fulminant Prism   |       |       |       |    97 ||    97
       Invisibility      |       |       |       |     1 ||     1
Invok: Curse Item        |       |       |     1 |     3 ||     4
 Abil: Spit Poison       |       |       |     4 |     4 ||     8
Evoke: Wand              |       |       |       |     1 ||     1
  Use: Scroll            |       |    10 |     3 |     2 ||    15
       Potion            |       |     1 |     3 |       ||     4
 Stab: Invisible         |       |       |       |     2 ||     2
Armor: Robe              |     6 |    20 |    22 |     9 ||    57
       Troll leather arm |       |       |       |    24 ||    24
Dodge: Dodged            |     7 |    26 |   143 |   180 ||   356
